Jonadab, neutral female gnomish Wizard ---------------- ------------ |.........G>...| |...........# ##-....).........| |..........|# -------- # |...(..........| ---|--------# ----- |.......########## --------.------- ## # |...| |......| # # |...| |......| ### # ##-...| -.--|-|- # # # |...| #### # # # ## ### ----- ### ################################ # #-----# # -------.-.-- #|<..|# # ##...........| #|....# ------+-------- |{.........| #|...| |`.............| ##-..........| #....| |..............| # |..........| ----- |...............####*#########*### |..........| |..............| |..........| ---------------- ------------ Jonadab the Conjurer Experience level: 4 Strength: 11 Dexterity: 12 Constitution: 15 Intelligence: 17 Wisdom: 13 Charisma: 9 Health: 29(29) Energy: 41(45) Def: 1 Gold: 316 Moves: 823 Dungeon seed: qByQ-RGZX5RnypTf Game ID: Jonadab_1498586236 Your Inventory: Coins $ - 316 gold pieces Amulets v - a cursed amulet of strangulation (being worn) Weapons a - a blessed +1 quarterstaff (weapon in hands) Armor e - an uncursed +0 cloak of magic resistance (being worn) Comestibles t - an uncursed food ration Scrolls i - an uncursed scroll of punishment j - an uncursed scroll of enchant weapon k - an uncursed scroll of gold detection Spellbooks l - a blessed spellbook of force bolt m - an uncursed spellbook of stone to flesh Potions f - an uncursed potion of invisibility g - 2 uncursed potions of full healing h - an uncursed potion of gain level r - a blessed potion of full healing Rings c - an uncursed ring of conflict d - an uncursed +1 ring of gain strength s - an uncursed ring of stealth (on left hand) u - an uncursed ring of slow digestion (on right hand) Wands b - an uncursed wand of slow monster (0:5) Tools n - an uncursed magic marker (0:36) o - an uncursed blindfold p - an uncursed skeleton key Spells and supernatural/magical abilities: Name Level Category Fail Memory a - force bolt 1 attack 0% 96% S - stone to flesh 3 healing 93% 96% W - pray for help -- divine ? -- Your skills at the end: Fighting Skills Weapon Skills quarterstaff [Basic] Spellcasting Skills attack spells [Basic] enchantment spells [Basic] Final Attributes: You had sinned. You were magic-protected. You had infravision. You were stealthy. You had slower digestion. You are dead. Vanquished creatures: a kitten a kobold lord a gas spore 2 red molds a gecko 5 jackals a kobold a goblin 2 sewer rats a grid bug a kobold zombie a newt 18 creatures vanquished. Voluntary challenges: You used a wielded weapon 11 times, starting on turn 169. You were illiterate. You never genocided any monsters. You never polymorphed an object. You never changed form. You used no wishes. You never split a pudding. You never wrote Elbereth's name. You violated your moral code, losing 24 points of alignment, starting on turn 1. Dungeon overview: The Dungeons of Doom: levels 1 to 4 Level 1 a sink a long staircase Level 2 Level 3 Level 4 <- You were here a fountain History has recorded: On T:1 you entered the Dungeons of Doom to retrieve the Amulet of Yendor! On T:1 you advanced to experience level 2. On T:161 you advanced to experience level 3. On T:398 you reached level 2 of The Dungeons of Doom. On T:440 you reached level 3 of The Dungeons of Doom. On T:456 you reached level 4 of The Dungeons of Doom. On T:808 you advanced to experience level 4. Score breakdown: Gold: 316 ( 8507 points) Experience: 4 levels ( 9649 points) Exploration: 4 levels ( 8.16%) ( 7500 points) Discoveries: 1 item ( 0.35%) ( 1770 points) Valuables value: (no points given unless you survive) Artifact value: 0 ( 0 points) Variety of kills: 12 monsters ( 3.15%) ( 5324 points) Turncount: 823 turns ( 0 points) Survival: died (score multiplied by 80%) Total score: 26200 Latest messages: You are now wearing a coral ring. The door opens. You stop exploring. The spell hits the kobold lord! You kill the kobold lord! Welcome to experience level 4. You see here a crossbow. The cool draught refreshes you. The fountain dries up! You see here a pyramidal amulet. v - a pyramidal amulet. You are now wearing a pyramidal amulet. Oops; that feels deathly cold. It constricts your throat! You begin praying to Thoth. You find it hard to breathe. You're gasping for air. You can no longer breathe. You feel that Thoth is displeased. You're turning blue. You suffocate. Final status: Goodbye Jonadab the Wizard, died of strangulation... You suffocated in The Dungeons of Doom on dungeon level 4 with 26200 points, and 316 pieces of gold, after 823 moves. You were level 4 with a maximum of 29 hit points when you suffocated.